[Event "*** Titled Tuesday Blitz"]
[Site "Chess.com"]
[Date "2020.03.03"]
[Round "1"]
[White "MartinMatthiesen"]
[Black "Bigfish1995"]
[Result "1-0"]
[WhiteElo "2564"]
[BlackElo "3090"]
[TimeControl "180+1"]
[EndTime "13:07:53 PST"]
[Termination "MartinMatthiesen won by resignation"]

1. d4 Nf6 2. Nc3 g6 3. e4 d6 4. f4 Bg7 5. Nf3 O-O 6. Bd3 e5 7.
fxe5 dxe5 8. d5 Qd6 9. O-O a6 10. Kh1 Bg4 11. h3 Bxf3 12. Qxf3 Nbd7 13. Bg5 h6 14. Bh4 Nh5 15. Ne2 Nf4 16. Bg3 Nxd3 17. Qxd3 Nc5 18. Qe3 f5 19. exf5 gxf5 20. Bf2 Ne4 21.
c4 b5 22. b3 bxc4 23. bxc4 Rab8 24. Bg1 Rb2 25. Nc3 Qg6 26. g4 Qg5 27. Nxe4 Qxe3 28. Bxe3 fxe4 29. c5 Rf3 30. Rxf3 exf3 31. Rd1 Kf7 32. d6 cxd6 33. cxd6 Bf6 34. Bxh6 Ke6 35. d7 Bd8 36. h4 Rg2 37. Bg5 Rxg4 38. Bxd8 Rd4 39.
Rxd4 exd4 40. Ba5 Kxd7 41. Kg1 Ke6 42. Kf2 Kf5 43. Kxf3 d3 44. Bd2 1-0

[Event "*** Titled Tuesday Blitz"]
[Site "Chess.com"]
[Date "2020.03.03"]
[Round "1"]
[White "Gabrielian_Artur"]
[Black "guillembaches"]
[Result "1-0"]
[WhiteElo "2782"]
[BlackElo "2415"]
[TimeControl "180+1"]
[EndTime "13:07:53 PST"]
[Termination "Gabrielian_Artur won on time"]

1. e4 c5 2. Nf3 d6 3. d4 cxd4 4. Nxd4 Nf6 5. Nc3 a6 6. g3 e5 7.
Nde2 Be7 8. Bg2 O-O 9. O-O b5 10.
Nd5 Nxd5 11. Qxd5 Ra7 12. Be3 Be6 13. Qd2 Rd7 14. Nc3 Nc6 15. a4 Qb8 16. axb5 axb5 17.
Nd5 Bxd5 18. exd5 Nd4 19. Ra6 Nf5 20. Rfa1 Nxe3 21. Qxe3 f5 22. c3 f4 23. Qe4 Bd8 24. Bh3 Rb7 25. Be6+ Kh8 26. Ra8 Qc7 27. g4 b4 28. c4 f3 29. Rc8 Qe7 30. Raa8 Ra7 31. Rxa7 Qxa7 32. Qxf3 Qe7 33. Qe3 Qf6 34. h3 h6 35. b3 Qe7 36. Kg2 Kh7 37. Qe4+ Kh8 38. Qe3 Rf4 39. Bf5 g6 40. Bxg6 Kg7 41. Bf5 Kf6 42.
c5 h5 43. cxd6 Qf8 44. d7 hxg4 45. hxg4 Qh6 46. Rc6+ 1-0

[Event "*** Titled Tuesday Blitz"]
[Site "Chess.com"]
[Date "2020.03.03"]
[Round "1"]
[White "aa175"]
[Black "RitvarsReimanis"]
[Result "0-1"]
[WhiteElo "2255"]
[BlackElo "2628"]
[TimeControl "180+1"]
[EndTime "13:07:54 PST"]
[Termination "RitvarsReimanis won by checkmate"]

1. d4 Nf6 2. Nf3 e6 3. Bf4 d5 4. e3 Bd6 5. Nbd2 c5 6. c3 Qc7 7. Ne5 Nbd7 8. Ndf3 O-O 9. Bd3 Ne4 10. Nxd7 Bxd7 11.
Bxe4 dxe4 12. Bxd6 Qxd6 13. Nd2 cxd4 14. Nxe4 Qb6 15.
cxd4 Bc6 16. Qc2 Rac8 17. O-O Bb5 18. Qb3 Bxf1 19. Qxb6 axb6 20. Kxf1 Rc2 21. Rb1 Rfc8 22. Nc3 Kf8 23. Ke1 Ke7 24. a4 Rc4 25. d5 Rb4 26. dxe6 fxe6 27. Nd1 Rxa4 28. h3 h5 29. Nc3 Rb4 30. Nd1 h4 31. Ra1 g5 32.
Ra7 Rc7 33. Ra8 Rd7 34. Rg8 Kf6 35. Rf8+ Kg7 36. Re8 Kf7 37. Rc8 Ra4 38. Nc3 Rb4 39. Nd1 Rb5 40. Nc3 Rc5 41. Ne4 Rxc8 42. Nxg5+ Ke7 43.
Nf3 Rc1+ 44. Ke2 Rc2+ 45. Ke1 Rxb2 46. Nxh4 Rd8 47. Ng6+ Kf6 48. Nf4 Ra8 49. Nd3 Ra1+ 50. Nc1 Rxc1# 0-1

[Event "*** Titled Tuesday Blitz"]
[Site "Chess.com"]
[Date "2020.03.03"]
[Round "1"]
[White "davigator"]
[Black "NikolaGry"]
[Result "0-1"]
[WhiteElo "2294"]
[BlackElo "2647"]
[TimeControl "180+1"]
[EndTime "13:07:57 PST"]
[Termination "NikolaGry won by resignation"]

1. e4 d6 2. d4 Nf6 3. Nc3 g6 4. Bg5 Bg7 5. Qd2 h6 6. Bf4 g5 7. Bg3 Nh5 8. Nge2 Nd7 9. f3 Nxg3 10. Nxg3 c5 11. dxc5 Nxc5 12. O-O-O Qa5 13. Nd5 Qxa2 14. Qb4 a5 15. Bb5+ Kf8 16. Qa3 Qxa3 17. bxa3 Be6 18.
Nh5 Bxd5 19. exd5 Be5 20. g3 Rg8 21. Rhe1 Rc8 22. Kb1 Na6 23. Re3 Rc5 24. a4 Nc7 25. c4 Nxb5 26. cxb5 Rc4 27. Re4 Rc3 28. Rc1 Rxc1+ 29.
Kxc1 f5 30. Rc4 Kf7 31. Rc7 Rb8 32. f4 Bd4 33. Kd2 Bb6 34. Rc4 Kg6 35. g4 fxg4 36.
Ng3 gxf4 37. Rxf4 h5 38. Re4 Rf8 39. Rxe7 Rf2+ 40. Re2 Rxe2+ 41. Kxe2 Bc5 42. Kd3 h4 43. Ne4 Bb4 44. Nf2 Kf5 45. Ne4 Kf4 46. Nf6 g3 47.
hxg3+ Kxg3 48. Ne4+ Kg2 49. Ng5 h3 50. Nxh3 Kxh3 51.
Ke4 Kg4 52. Kd4 Kf5 53. Kc4 b6 0-1

[Event "*** Titled Tuesday Blitz"]
[Site "Chess.com"]
[Date "2020.03.03"]
[Round "1"]
[White "Terao90"]
[Black "temus_galaktionov"]
[Result "0-1"]
[WhiteElo "2393"]
[BlackElo "2750"]
[TimeControl "180+1"]
[EndTime "13:07:59 PST"]
[Termination "temus_galaktionov won on time"]

1. d4 c6 2. c4 g6 3. Nc3 Bg7 4. Nf3 d6 5. g3 Nd7 6. Bg2 Ngf6 7. O-O e5 8. e4 O-O 9. h3 Re8 10. Re1 a5 11. Be3 b6 12. Qc2 Ba6 13. b3 Qc7 14.
dxe5 dxe5 15. Rac1 Bf8 16. Qb2 Nc5 17. Qb1 Rad8 18.
Bf1 h6 19. a3 Ne6 20. b4 axb4 21. axb4 Nd4 22. Nd2 Bc8 23. b5 c5 24. Nd5 Nxd5 25. cxd5 Bd7 26. Bxd4 exd4 27. Nc4 Bc8 28. Bg2 Bg7 29.
f4 f6 30. Re2 g5 31. d6 Rxd6 32. Nxd6 Qxd6 33. Rf1 d3 34. Ref2 c4 35. e5 fxe5 36.
f5 Bf6 37. Be4 Qd4 38. Re1 Rd8 39. Bc6 Be7 40. Kg2 Bc5 41. Rff1 d2 42. Re4 Qd3 43.
Qxd3 Rxd3 44. Rxe5 d1=Q 45. Rxd1 Rxd1 46. Re8+ Kg7 47. Rxc8 c3 48. Be4 c2 49. Bxc2 Rd2+ 50. Kf3 Rxc2 51. Kg4 Re2 52. Rc6 Re3 53. h4 gxh4 54.
gxh4 Re4+ 55. Kh5 Rf4 56. Rg6+ Kf7 57. Kxh6 Rxf5 58. h5 Be3+ 0-1

[Event "*** Titled Tuesday Blitz"]
[Site "Chess.com"]
[Date "2020.03.03"]
[Round "1"]
[White "VladDobrov"]
[Black "ehrenfeld"]
[Result "1-0"]
[WhiteElo "2945"]
[BlackElo "2501"]
[TimeControl "180+1"]
[EndTime "13:08:02 PST"]
[Termination "VladDobrov won on time"]

1. d4 f5 2. e4 fxe4 3. Nc3 Nf6 4. Bg5 g6 5. h4 d5 6. h5 Bf5 7. Bxf6 exf6 8. g4 Be6 9. hxg6 Qd7 10. Nge2 Nc6 11. Nf4 Bxg4 12. Be2 Bxe2 13. Ncxe2 O-O-O 14. c3 Bd6 15. g7 Qxg7 16. Ne6 Qf7 17. Nxd8 Rxd8 18.
Qd2 f5 19. Qh6 Rd7 20. O-O-O f4 21. Qh5 f3 22. Ng1 b6 23. Kc2 Kb7 24. Qxf7 Rxf7 25. Rh5 Ne7 26. Nh3 Rg7 27. Rg1 Rg2 28. Rxg2 fxg2 29. Rg5 Ng6 30. Rxg2 Kc6 31. Rg1 Kd7 32. Rh1 Ke6 33. Ng5+ Kf5 34. Nxh7 c5 35. Rh5+ Kf4 36.
Rxd5 Be7 37. Ng5 Bxg5 38. dxc5 bxc5 39. Kd1 Ne5 40. Rxc5 Nd3 41. Ra5 Nxb2+ 42. Ke2 Nd3 43. Rxa7 Nc1+ 44. Kf1 Bf6 45. a4 Nd3 46. a5 Bxc3 47.
a6 Bd4 48. Rf7+ Ke5 49. a7 Bxa7 50. Rxa7 Kd4 51. Rd7+ Ke5 52. Rf7 Nf4 53. Rf8 Ne6 54.
Re8 Kf5 55. Rc8 Nf4 56. Rg8 Nd5 57. Ke2 Nf4+ 58. Ke3 Nd5+ 59. Kd4 Nf6 60. Rf8 Ke6 61.
Rxf6+ Kxf6 62. Kxe4 Ke6 63. Kf4 Kf6 64. f3 Ke7 65. Ke5 Kf7 66. Kf5 1-0

[Event "*** Titled Tuesday Blitz"]
[Site "Chess.com"]
[Date "2020.03.03"]
[Round "1"]
[White "Tayson_7"]
[Black "Vusatiuk_Vladimir"]
[Result "1-0"]
[WhiteElo "2702"]
[BlackElo "2347"]
[TimeControl "180+1"]
[EndTime "13:08:03 PST"]
[Termination "Tayson_7 won by resignation"]

1. e4 c5 2. Nf3 Nc6 3. d4 cxd4 4.
Nxd4 Nf6 5. Nc3 e5 6. Ndb5 d6 7.
Bg5 a6 8. Na3 b5 9. Nd5 Be7 10.
Bxf6 Bxf6 11. c4 b4 12. Nc2 a5 13. g3 O-O 14. h4 g6 15. Bh3 Be6 16. h5 Bxd5 17. cxd5 Nd4 18. hxg6 Nxc2+ 19. Qxc2 hxg6 20. O-O Ra7 21. Qa4 Bg5 22. a3 bxa3 23. Rxa3 Qc7 24. Rc3 Qb6 25. b3 Rc7 26. Rc6 Rxc6 27. dxc6 Ra8 28.
Rd1 Qc7 29. Rd5 Be7 30. Rb5 Rb8 31. Qxa5 Bd8 32. Rxb8 Qxa5 33. b4 Qc7 34. Rc8 Qe7 35.
Rb8 Kg7 36. b5 Ba5 37. b6 Bxb6 38. Rxb6 Qc7 39. Ra6 f5 40. exf5 gxf5 41. Bxf5 Kf6 42. Be4 Ke6 43. Bg2 d5 44. Bf1 e4 45. Ra2 d4 46. Ra4 Ke5 47. Rc4 d3 48. Kg2 Kd5 49.
Rc1 d2 50. Rd1 Qxc6 51. Rxd2+ Ke5 52. Re2 Kf5 53. Kg1 Ke5 54. Bg2 Kf5 55. Bxe4+ Qxe4 56. Rxe4 Kxe4 57. Kg2 Kf5 58. f3 1-0

[Event "*** Titled Tuesday Blitz"]
[Site "Chess.com"]
[Date "2020.03.03"]
[Round "1"]
[White "CrushingKings"]
[Black "Atanejhad"]
[Result "0-1"]
[WhiteElo "2161"]
[BlackElo "2590"]
[TimeControl "180+1"]
[EndTime "13:08:03 PST"]
[Termination "Atanejhad won by resignation"]

1. e4 e5 2. Nf3 Nc6 3. Bc4 Bc5 4.
c3 Nf6 5. d3 O-O 6. O-O d6 7.
Bb3 a6 8. h3 Ba7 9. Re1 Be6 10.
Bc2 Ne7 11. Nbd2 Ng6 12. Nf1 Re8 13. Ng3 d5 14. Qe2 Qd6 15. Bg5 Nd7 16. Rad1 Nf4 17.
Qf1 f6 18. Bxf4 exf4 19. Ne2 Ne5 20. Nfd4 f3 21. Nxf3 Nxf3+ 22. gxf3 Rad8 23. Qg2 Kh8 24. d4 dxe4 25. fxe4 Bxa2 26. b3 Qa3 27. Nc1 Qb2 28.
Re2 Bb1 29. Bd3 Qa1 30. Na2 Bxd3 31. Rxa1 Bxe2 32. Re1 Bd3 33. Nb4 Bb5 34. Nd5 Rd7 35. Re3 Bc6 36. Nf4 Rde7 37. Qg4 Bxe4 38. Nh5 f5 39. Qg5 c5 40. d5 c4 41. d6 Rf7 42.
Rg3 cxb3 43. Qd2 f4 44. Nxf4 b2 45. Qxb2 Rxf4 46. d7 Ref8 47. Re3 Bxe3 48. fxe3 Rf1+ 49. Kh2 R1f2+ 50. Qxf2 Rxf2+ 51. Kg3 Rd2 0-1

[Event "*** Titled Tuesday Blitz"]
[Site "Chess.com"]
[Date "2020.03.03"]
[Round "1"]
[White "bilelou"]
[Black "IngOscarArdila"]
[Result "1-0"]
[WhiteElo "2558"]
[BlackElo "2018"]
[TimeControl "180+1"]
[EndTime "13:08:03 PST"]
[Termination "bilelou won on time"]

1. e4 e5 2. Nf3 Nf6 3. Nxe5 d6 4.
Nf3 Nxe4 5. d3 Nf6 6. d4 Be7 7.
Bd3 O-O 8. O-O Nbd7 9. c4 Re8 10. Nc3 Nf8 11. h3 c6 12. Bf4 Ng6 13. Bg3 Nh5 14. Bh2 Nhf4 15. Bc2 Qb6 16. Qd2 Nh5 17. g4 Nf6 18. Rab1 h5 19. g5 Nh7 20. h4 Bg4 21. Bxg6 fxg6 22. Ne1 Rad8 23. Nc2 d5 24. c5 Qa5 25. b4 Qa6 26. a4 Bf5 27. b5 cxb5 28. axb5 Qe6 29. Rfe1 Qf7 30. Nb4 Bxb1 31. Rxb1 Nf8 32.
Ra1 b6 33. Nc6 Rd7 34. Ne5 Qe6 35. Nxd7 Qg4+ 36. Bg3 Qxd7 37. c6 Qg4 38. Qd1 Qf5 39. Qb3 Kh7 40. Qxd5 Qg4 41. Qe4 Qh3 42. Qg2 Qg4 43.
Rxa7 Ne6 44. Nd5 Nxd4 45. Bd6 Qd1+ 46. Kh2 Bxd6+ 47. Kh3 Qe2 48. Nf6+ Kh8 49. Qd5 gxf6 50. Qxd6 Qg4+ 51. Kh2 Qxh4+ 52. Kg2 Qg4+ 53. Qg3 Qe4+ 54. Kh3 Qf5+ 55. Kg2 fxg5 56. Ra2 Qd5+ 57. Kh2 Qxa2 58.
c7 Qe6 59. Qc3 Qd6+ 60. Kg2 Qd5+ 61. Kh2 Rc8 62. f4 1-0

[Event "*** Titled Tuesday Blitz"]
[Site "Chess.com"]
[Date "2020.03.03"]
[Round "1"]
[White "Sanan_Sjugirov"]
[Black "SARGISMV"]
[Result "1-0"]
[WhiteElo "2844"]
[BlackElo "2449"]
[TimeControl "180+1"]
[EndTime "13:08:05 PST"]
[Termination "Sanan_Sjugirov won by checkmate"]

1. e4 e6 2. d4 d5 3. Nd2 Be7 4. Ngf3 Nf6 5. e5 Nfd7 6. c3 c5 7. Bd3 b6 8. O-O Ba6 9. Bxa6 Nxa6 10. Ne1 b5 11. a3 O-O 12. Qg4 Qb6 13. Ndf3 f5 14.
exf6 Nxf6 15. Qh3 Ne4 16. Nd3 cxd4 17. cxd4 Rac8 18. Be3 b4 19. Nfe5 Rc7 20. Nf4 Ng5 21. Qg4 Rf5 22. Nxd5 Qb5 23. Nxe7+ Rxe7 24. Bxg5 Rc7 25.
Be3 b3 26. Qe4 Rc2 27. Nd3 Nc7 28. Nc5 Rxb2 29. Nxe6 Qd5 30. Qxd5 Nxd5 31. Nc5 a5 32. a4 Nc3 33. g4 Rf3 34. Kh1 h6 35. Rfe1 Nd5 36. Nd3 Rc2 37. Rab1 Nxe3 38. Rxe3 Rf7 39.
Rxb3 Ra2 40. Rb8+ Kh7 41. Kg2 Rc7 42. h4 Rcc2 43. Rf8 Rxa4 44. h5 Rxd4 45. Ree8 g5 46. Re7# 1-0

[Event "*** Titled Tuesday Blitz"]
[Site "Chess.com"]
[Date "2020.03.03"]
[Round "1"]
[White "Arystanner"]
[Black "MathiasWomacka"]
[Result "1/2-1/2"]
[WhiteElo "2737"]
[BlackElo "2399"]
[TimeControl "180+1"]
[EndTime "13:08:06 PST"]
[Termination "Game drawn by repetition"]

1. d4 Nf6 2. Bf4 c5 3. c3 e6 4.
Nd2 cxd4 5. cxd4 Nc6 6. e3 d5 7. Ngf3 Bd6 8. Bxd6 Qxd6 9. Bb5 O-O 10. O-O Bd7 11. Rc1 Nb4 12. Bxd7 Nxd7 13. a3 Nc6 14. b4 Rfc8 15. Nb3 a5 16. b5 Ne7 17. a4 Qb4 18. Qd3 Qxa4 19. Nc5 Nxc5 20. dxc5 Qe4 21. Qxe4 dxe4 22.
Ng5 a4 23. Nxe4 a3 24. Nd6 Rc7 25. Rc2 Nd5 26. Ra1 Kf8 27. Rca2 Rxc5 28. g3 Ke7 29. Ne4 Rxb5 30. Rxa3 Rxa3 31. Rxa3 Rb2 32. Nc5 e5 33.
Ra7 Kd6 34. Rxb7 Rxb7 35. Nxb7+ Ke6 36. Nc5+ Kd6 37. Ne4+ Ke7 38. g4 f6 39. Kg2 g6 40.
h4 Ke6 41. Nc5+ Ke7 42. Kg3 Nc3 43. f4 Kd6 44. Nd3 Kd5 45. fxe5 fxe5 46. Nf2 Ne4+ 47. Nxe4 Kxe4 48. Kf2 h5 49. gxh5 gxh5 50. Ke2 Kf5 51. Kf3 e4+ 52. Kg3 Ke5 53. Kh3 Kf5 54. Kg3 Ke5 55.
Kh3 Kf5 56. Kg3 1/2-1/2

[Event "*** Titled Tuesday Blitz"]
[Site "Chess.com"]
[Date "2020.03.03"]
[Round "1"]
[White "francyIM"]
[Black "SanchezKelvin"]
[Result "1-0"]
[WhiteElo "2703"]
[BlackElo "2351"]
[TimeControl "180+1"]
[EndTime "13:08:06 PST"]
[Termination "francyIM won by resignation"]

1. e4 c5 2. c3 d5 3. exd5 Qxd5 4. d4 Nc6 5. Nf3 cxd4 6. cxd4 e5 7. Nc3 Bb4 8. dxe5 Qxd1+ 9. Kxd1 Bg4 10. Be2 O-O-O+ 11. Kc2 Bxf3 12. Bxf3 Nxe5 13. Be2 Ne7 14. Be3 N5c6 15. a3 Bxc3 16. bxc3 Nd5 17. Bd2 Rhe8 18. Rhe1 g6 19. a4 f5 20. a5 a6 21. Bc4 Nc7 22. Be3 Nd5 23. Bxd5 Rxd5 24. Bb6 Kd7 25. Rad1 Rxe1 26.
Rxe1 Nxa5 27. Bd4 Nc6 28. Be3 b5 29. Ra1 a5 30. c4 bxc4 31. Kc3 f4 32. Bb6 Rb5 33.
Rd1+ Ke6 34. Re1+ Kf7 35. Bc7 Nb4 36. Kxc4 Rc5+ 37. Kxc5 Nd3+ 38. Kb5 Nxe1 39. Bxf4 Nxg2 40. Bg3 Ke6 41. Kxa5 Kf5 42. Kb4 h5 43. Kc3 Ke4 44.
Kc4 h4 45. Bb8 g5 46. Kc5 Nf4 47. Kd6 Nd3 48. Ke6 Nxf2 49. Kf6 g4 50. Kg5 h3 51. Kh4 Kf3 52. Bc7 Ne4 53. Be5 Nc5 54. Bd6 Nd3 55.
Bc7 Nf4 56. Bb6 g3 57. Bg1 g2 58. Bc5 Ke2 59. Kg3 Kf1 60. Kxf4 g1=Q 61. Bxg1 Kxg1 62. Kg3 Kf1 63. Kxh3 Kf2 64. Kg4 Ke3 65. h4 Ke4 66.
h5 Ke5 67. Kg5 1-0

[Event "*** Titled Tuesday Blitz"]
[Site "Chess.com"]
[Date "2020.03.03"]
[Round "1"]
[White "JozefKneht"]
[Black "Megagigahiper3345"]
[Result "1/2-1/2"]
[WhiteElo "2563"]
[BlackElo "2097"]
[TimeControl "180+1"]
[EndTime "13:08:09 PST"]
[Termination "Game drawn by repetition"]

1. e4 c5 2. Nf3 g6 3. d4 cxd4 4. Nxd4 Nc6 5. c4 Nf6 6. Nc3 Nxd4 7. Qxd4 d6 8. Be3 Bg7 9. Be2 O-O 10. Qd2 Bd7 11.
f3 a5 12. O-O Bc6 13. b3 Nd7 14.
Rab1 Nc5 15. Rfc1 Be5 16. Bf1 e6 17. Qf2 f5 18. exf5 Rxf5 19. Ne2 Nd3 20. Bb6 Bxh2+ 21. Kxh2 Rh5+ 22. Kg1 Rh1+ 23. Kxh1 Nxf2+ 24. Bxf2 Qf6 25. Nd4 Bd7 26. Re1 g5 27. Rbd1 h5 28. Kg1 g4 29.
fxg4 hxg4 30. Bg3 e5 31. Nb5 Bxb5 32.
cxb5 Kf7 33. Bc4+ Ke7 34. Rf1 Qh6 35. Rf7+ Ke8 36. Re1 Rd8 37. Rf2 Rd7 38. Kf1 Qh1+ 39. Ke2 Qh7 40. Kd2 Qh6+ 41. Kc2 b6 42. Kb2 Qg7 43.
Ka3 Qe7 44. Bd5 Rc7 45. Ref1 Rc5 46. Bc6+ Rxc6 47. bxc6 d5+ 48. Kb2 Qc5 49. Rf8+ Ke7 50. c7 Qd4+ 51. Kb1 Qd3+ 52. Kc1 Qc3+ 53. Kd1 Qd3+ 54.
Kc1 Qc3+ 55. Kb1 Qd3+ 56. Kb2 Qd2+ 57. Ka3 Qb4+ 58. Kb2 Qd2+ 59. Kb1 Qd3+ 1/2-1/2

[Event "*** Titled Tuesday Blitz"]
[Site "Chess.com"]
[Date "2020.03.03"]
[Round "1"]
[White "Region_07"]
[Black "MarcoRiehle"]
[Result "0-1"]
[WhiteElo "2398"]
[BlackElo "2751"]
[TimeControl "180+1"]
[EndTime "13:08:13 PST"]
[Termination "MarcoRiehle won by checkmate"]

1. d4 d5 2. Nf3 e6 3. Bg5 f6 4.
Bf4 c5 5. e3 Nc6 6. Nbd2 Bd6 7.
Bb5 Ne7 8. O-O O-O 9. Bxd6 Qxd6 10. c3 e5 11. dxc5 Qxc5 12. Be2 Be6 13. Rc1 Rfd8 14. Qb3 Na5 15. Qb4 b6 16. Qa4 Nc4 17. Nxc4 dxc4 18. Rfd1 a5 19. Qc2 Bf5 20. e4 Be6 21. Rxd8+ Rxd8 22.
Rd1 Rd6 23. Rxd6 Qxd6 24. Qd1 Qxd1+ 25. Bxd1 Kf7 26. Ba4 Nc8 27. Nd2 Nd6 28. Kf1 b5 29. Bd1 Ke7 30. h3 Kd7 31. Bg4 Bxg4 32. hxg4 Kc6 33.
Ke2 Kc5 34. f3 b4 35. Nf1 a4 36. Kd2 a3 37. cxb4+ Kd4 38. bxa3 c3+ 39. Kc2 Nc4 40. a4 Na3+ 41. Kc1 Kd3 42. b5 Nc4 43. Ng3 c2 44.
Nf5 Nb2 45. Ne7 Nxa4 46. Nd5 Nc5 47. b6 h5 48. a4 Nb3+ 49. Kb2 c1=Q+ 50. Kxb3 Qc4+ 51.
Ka3 Qc5+ 52. Ka2 Kc2 53. a5 Qxa5# 0-1

[Event "*** Titled Tuesday Blitz"]
[Site "Chess.com"]
[Date "2020.03.03"]
[Round "1"]
[White "floplover"]
[Black "Abund"]
[Result "1-0"]
[WhiteElo "2360"]
[BlackElo "2681"]
[TimeControl "180+1"]
[EndTime "13:08:16 PST"]
[Termination "floplover won on time"]

1. d4 Nf6 2. c4 g6 3. Nc3 d5 4.
cxd5 Nxd5 5. e4 Nxc3 6. bxc3 Bg7 7. Qa4+ Nd7 8. e5 O-O 9. Nf3 a6 10. h4 b5 11. Qb3 Nb6 12. h5 Be6 13. Qc2 Bf5 14.
Bd3 Bxd3 15. Qxd3 c5 16. hxg6 fxg6 17. Ng5 Rf5 18. g4 Rxe5+ 19. Kf1 Rxg5 20. Bxg5 Qd5 21. Qh3 Qxg5 22. Qxh7+ Kf7 23. Qh3 cxd4 24. cxd4 Rd8 25. Re1 Rxd4 26. Qf3+ Rf4 27. Qe3 Qf6 28. g5 Qd6 29.
Rh7 Nc4 30. Qb3 Rf5 31. Qc3 e5 32. Qh3 Qd5 33. Qg2 Qd3+ 34. Kg1 Qd7 35. Rc1 Kg8 36. Rh3 Qe7 37. Rg3 e4 38. Rg4 Re5 39. Re1 Bf8 40. Rgxe4 Rxe4 41. Rxe4 Qd6 42. Qg4 Be7 43. Re6 Qc5 44.
Rxg6+ Kf7 45. Re6 Qxg5 46. Qxg5 Bxg5 47. Rxa6 Bd2 48. Ra7+ Ke6 49. Rb7 1-0

[Event "*** Titled Tuesday Blitz"]
[Site "Chess.com"]
[Date "2020.03.03"]
[Round "1"]
[White "Firouzja2003"]
[Black "SerGo055"]
[Result "1-0"]
[WhiteElo "3061"]
[BlackElo "2526"]
[TimeControl "180+1"]
[EndTime "13:08:18 PST"]
[Termination "Firouzja2003 won on time"]

1. h4 d5 2. h5 e5 3. d3 Nc6 4.
e4 dxe4 5. dxe4 Qxd1+ 6. Kxd1 f5 7.
Bd3 Nf6 8. Nc3 Bb4 9. Nge2 fxe4 10. Nxe4 Nxe4 11. Bxe4 Bg4 12. c3 O-O-O+ 13. Ke1 Ba5 14. f3 Be6 15. Bg5 Rd7 16. Kf2 h6 17. Be3 Rf8 18. Rhd1 Bb6 19. Rxd7 Kxd7 20. b3 Bf5 21. Bxf5+ Rxf5 22.
Ng3 Rf7 23. Ne4 Ke6 24. Bc5 Rd7 25. Ke2 Nd8 26. a4 Rd5 27. b4 Bxc5 28. Nxc5+ Kf5 29. Ne4 Ne6 30. Ke3 Nf4 31. g4+ Ke6 32. Nc5+ Kf6 33.
Ra2 b6 34. Ne4+ Ke6 35. Rd2 Rxd2 36. Kxd2 Kd5 37. Ng3 Ke6 38. Ke3 Nd5+ 39. Kd3 Nf4+ 40. Kc4 c6 41. a5 Kf6 42. a6 Ke6 43. b5 cxb5+ 44. Kxb5 Kd5 45. c4+ Kd4 46. Nf5+ Kc3 47. Kc6 Kxc4 48. Kb7 b5 49. Kxa7 b4 50. Kb7 b3 51.
Ne3+ Kd3 52. Nd1 Kc2 53. a7 Kxd1 54. a8=Q b2 55. Qa4+ Kc1 56. Qc4+ Kd2 57. Qb3 Nd3 58. Kc6 e4 59. fxe4 Kc1 60. Qc3+ Kb1 61. Qxd3+ Ka2 62. e5 b1=Q 63. Qxb1+ 1-0

[Event "*** Titled Tuesday Blitz"]
[Site "Chess.com"]
[Date "2020.03.03"]
[Round "1"]
[White "DmitryMaximov"]
[Black "StoreySniper"]
[Result "0-1"]
[WhiteElo "2745"]
[BlackElo "2422"]
[TimeControl "180+1"]
[EndTime "13:08:18 PST"]
[Termination "StoreySniper won on time"]

1. e4 g6 2. d4 Bg7 3. Nf3 d6 4. h3 a6 5. Bd3 b5 6. O-O Bb7 7. a4 c6 8. Re1 Nd7 9. Qe2 e5 10. dxe5 dxe5 11. c4 Nc5 12. Bc2 b4 13. Be3 Ne6 14.
Rd1 Qc7 15. a5 c5 16. Ba4+ Bc6 17. Bxc6+ Qxc6 18. Rd5 Ne7 19. Nxe5 Qc8 20. Nd3 O-O 21.
Nd2 Nxd5 22. cxd5 Nd4 23. Bxd4 Bxd4 24. Nc4 Qd8 25. Kh1 Re8 26. Nb6 Rb8 27. Re1 Rxb6 28. axb6 Qxb6 29. b3 a5 30. e5 a4 31. e6 fxe6 32. dxe6 axb3 33. Nf4 Qd6 34. Qg4 Re7 35. h4 Be5 36. Nxg6 hxg6 37. Qxg6+ Bg7 38. h5 Qf4 39. Rd1 Qf8 40. h6 b2 41. Kg1 Rxe6 42. Qxe6+ Kh7 43.
hxg7 Qxg7 44. Qf5+ Qg6 45. Qd7+ Kh6 46. Qh3+ Qh5 47.
Qe6+ Qg6 48. Qh3+ Kg7 49. Rd7+ Kf6 50. Qf3+ Qf5 0-1

[Event "*** Titled Tuesday Blitz"]
[Site "Chess.com"]
[Date "2020.03.03"]
[Round "1"]
[White "saraswathii"]
[Black "Kobalia"]
[Result "0-1"]
[WhiteElo "2224"]
[BlackElo "2617"]
[TimeControl "180+1"]
[EndTime "13:08:22 PST"]
[Termination "Kobalia won on time"]

1. e4 c6 2. d3 d5 3. Nd2 e5 4. Ngf3 Bd6 5. g3 Nf6 6. Bg2 O-O 7. O-O Bg4 8. h3 Bh5 9. c3 Nbd7 10. Qc2 Re8 11. Nb3 a5 12. a4 Nc5 13. Nxc5 Bxc5 14. exd5 cxd5 15. Bg5 h6 16. Bxf6 Qxf6 17. Nd2 Rad8 18.
Qb3 Be2 19. Bxd5 Bxd3 20. Ne4 Bxe4 21. Bxe4 Rd2 22. Qb5 Rc8 23. Qxb7 Rcd8 24. Qb5 Rxf2 25. Qxc5 Rxf1+ 26. Rxf1 Qe6 27. Qxa5 Rb8 28. Qc7 Rc8 29.
Qb7 Rd8 30. Kg2 g6 31. Rf2 f5 32. Bc2 Kh8 33. a5 e4 34. a6 e3 35. Re2 Rd2 36. Qf3 Qxa6 37. Rxd2 exd2 38. Qd1 Qc6+ 39. Kf2 Qd6 40.
b4 h5 41. Qe2 h4 42. Qe8+ Kg7 43. Qe3 hxg3+ 44. Qxg3 d1=Q 45. Bxd1 Qxd1 46. Qc7+ Kh6 47.
Qf4+ Kh7 48. Qd4 Qh1 49. Qe3 Qh2+ 50. Ke1 f4 51. Qe7+ Kh6 52. Qe6 Qg3+ 53. Kd2 f3 54.
Qe3+ Kh5 55. b5 Qg2+ 56. Kd3 f2 57. Qe2+ Kh4 0-1

[Event "*** Titled Tuesday Blitz"]
[Site "Chess.com"]
[Date "2020.03.03"]
[Round "1"]
[White "Maikrosoft63"]
[Black "ChelsieMonica"]
[Result "1/2-1/2"]
[WhiteElo "2575"]
[BlackElo "2145"]
[TimeControl "180+1"]
[EndTime "13:08:24 PST"]
[Termination "Game drawn - insufficient material"]

1. e4 e5 2. Nf3 Nc6 3. Bc4 Bc5 4. d3 Nf6 5. Nbd2 O-O 6. O-O d5 7. exd5 Nxd5 8. Ne4 Be7 9. h3 Kh8 10. Re1 h6 11. Ng3 Nb6 12. Bb5 Nd4 13. Nxd4 exd4 14.
Qh5 Bg5 15. Re5 Bxc1 16. Rxc1 c6 17. Bc4 Nxc4 18. dxc4 Be6 19. b3 d3 20. cxd3 Qxd3 21. Rce1 Rad8 22. Kh2 Qd2 23. R1e2 Qf4 24. R5e4 Qf6 25. f4 Rd3 26. f5 Bd7 27. Re7 Qd6 28. Qh4 Bxf5 29. R2e3 Rxe3 30. Rxe3 Be6 31. Qe4 Rd8 32.
Kh1 Qd1+ 33. Re1 Qd4 34. Qf3 Qd2 35. Rf1 Rd3 36. Ne4 Rxf3 37. Nxd2 Rxf1+ 38. Nxf1 Kg8 39. Kg1 Kf8 40. Kf2 Ke7 41. Ke3 Kd6 42. Nd2 Kc5 43. a3 a5 44. Ne4+ Kb6 45. Kd4 f6 46. c5+ Kc7 47.
b4 axb4 48. axb4 Bd5 49. Nd6 Bxg2 50. h4 g5 51. h5 Bf3 52. Ne8+ Kd7 53. Nxf6+ Ke6 54.
Ne8 Bxh5 55. Nd6 b6 56. Nb7 bxc5+ 57. Kxc5 Bf3 58. Nd8+ Kd7 59. Nf7 g4 60. Nxh6 g3 61. Nf7 Ke7 62. Ne5 Bd5 63. Ng6+ Kf6 64. Nf4 Be4 65.
Kd4 Kf5 66. Ke3 Bd5 67. Ne2 Kg4 68. Nd4 g2 69. Kf2 Kh3 70. Kg1 Kg3 71. b5 c5 72.
Ne2+ Kf3 73. Nc3 Bb7 74. b6 Ke3 75. Na4 c4 76. Nc5 Bd5 77. b7 Bxb7 78. Nxb7 c3 79.
Nc5 c2 80. Nb3 Kd3 81. Kxg2 Kc3 82. Nc1 Kb2 83. Ne2 c1=Q 84. Nxc1 1/2-1/2

[Event "*** Titled Tuesday Blitz"]
[Site "Chess.com"]
[Date "2020.03.03"]
[Round "1"]
[White "Noam_Vitenberg"]
[Black "VerdeNotte"]
[Result "1-0"]
[WhiteElo "2440"]
[BlackElo "2775"]
[TimeControl "180+1"]
[EndTime "13:08:27 PST"]
[Termination "Noam_Vitenberg won by resignation"]

1. e4 e5 2. Nc3 Nf6 3. Bc4 c6 4. d4 d6 5. dxe5 dxe5 6. Bxf7+ Ke7 7.
Qxd8+ Kxd8 8. Nf3 Bb4 9. Bd2 Rf8 10. Bb3 Nbd7 11. O-O-O Bd6 12. Ng5 Ke7 13. Ne6 Rg8 14.
f4 exf4 15. Bxf4 Bxf4+ 16. Nxf4 Re8 17. Ne6 Ne5 18. Nc7 Bg4 19. Nxe8 Rxe8 20. Rd2 h5 21. h3 Bc8 22. Ne2 Nxe4 23. Rd4 Bf5 24. Re1 Nc5 25. Ng3 Kf6 26. Nxh5+ Kg6 27. Nf4+ Kh7 28. g4 Bc8 29. Re3 b6 30. c3 g6 31. Bf7 Re7 32.
Bb3 Bd7 33. Bc2 Be8 34. h4 Kg7 35. Rd6 Ncd7 36. Bxg6 Nxg6 37. Rxg6+ Kf8 38. Rxe7 Kxe7 39. Re6+ Kf7 40. Re3 Nf6 41. g5 Ng4 42. Rf3 Ne5 43. Rf1 Ke7 44. h5 Bd7 45. Re1 Kd6 46. Rd1+ Ke7 47.
Ng6+ Nxg6 48. hxg6 Bf5 49. g7 Bh7 50. g6 Bg8 51. Rf1 b5 52. Rf8 Bxa2 53. g8=Q Bxg8 54. Rxg8 a5 55. Ra8 Kf6 56. Ra6 Kxg6 57. Rxc6+ Kf5 58.
Rc5+ Ke4 59. Rxb5 a4 60. Rb4+ Ke3 61. Rxa4 Kd3 62. Rd4+ Ke3 63. b4 1-0